 Dungeon Crawl Stone Soup version 0.32-a0-779-g362cfcae2a (webtiles) character file.

Game seed: 5832502592559785730

105 kae the Slasher (level 4, -1/33 HPs)
             Began as a Coglin Gladiator on Mar 19, 2024.
             Slain by a gnoll
             ... wielding a +0 whip
              (4 damage)
             ... on level 2 of the Dungeon.
             The game lasted 00:01:23 (1596 turns).

kae the Slasher (Coglin Gladiator)                  Turns: 1596, Time: 00:01:24

Health: -1/33      AC:  5    Str: 14    XL:     4   Next: 83%
Magic:  4/4        EV: 11    Int:  8    God:
Gold:   67         SH:  0    Dex: 17    Spells: 3/3 levels left

rFire   . . .        a - +1 long sword {Urai}
rCold   . . .        f - +0 dagger {Vikramjeet}
rNeg    . . .        b - +0 leather armour
rPois   .            c - +1 helmet
rElec   .            (no cloak)
rCorr   .            (no gloves)
SInv    .            (no boots)
Will    .....        (amulet unavailable)
Stlth   +            (ring unavailable)
HPRegen 0.25/turn    (ring unavailable)
MPRegen 0.09/turn    (no gizmo)

%: no passive effects
@: revved
A: off-hand wielding, slow wielding, warmup strikes, no jewellery
a: Invent Gizmo


You were on level 2 of the Dungeon.
You visited 1 branch of the dungeon, and saw 2 of its levels.

You collected 94 gold pieces.
You spent 27 gold pieces at shops.


Innate Abilities, Weirdness & Mutations

You can wield a second weapon in your off-hand.
It takes a long time for you to wield or remove held weapons.
Your first few attacks do less damage.
You cannot equip rings or amulets.


   Skills:
 - Level 2.0 Fighting
 + Level 5.4 Long Blades
 - Level 1.7 Throwing
 - Level 2.6 Dodging


You had 3 spell levels left.
You didn't know any spells.
Your spell library was empty.

Inventory:

Hand Weapons
 a - a +1 long sword (weapon) {Urai}
 f - a +0 dagger (offhand) {Vikramjeet}
Missiles
 d - 3 throwing nets (quivered) {=f!f}
 e - a javelin
 i - 22 stones
 n - 6 poisoned darts
Armour
 b - a +0 leather armour (worn)
 c - a +1 helmet (worn)
Magical Staves
 j - a staff of conjuration {!a}
   (You found it on level 1 of the Dungeon)
Jewellery
 A - an amulet of the acrobat
   (You found it on level 2 of the Dungeon)
 O - a +4 ring of protection
   (You found it on level 1 of the Dungeon)
Scrolls
 k - 3 scrolls of identify {@r1}
 l - a scroll of immolation {!r!r}
 m - a scroll of teleportation {unknown}
Potions
 g - 2 potions of curing {@q1}
 h - 2 potions of attraction {unknown}
 p - a potion of heal wounds {@q2}

Dungeon Overview and Level Annotations

Branches:
Dungeon (2/15) Zot: 10394

Altars:

Shops:
D:1

[*( #.# #.............[..###.#
#.# #.#####.##.####### #.# #.#
#.# #.##.# #.# #.# #.##.# #.# #.#
#.##.# #.# #.#####.##.# #.# #≈≈#
#..........# #.#
###≈≈≈######..#g#)##..# #.#
..#≈≈≈≈#.~~..~..@~...~#### #.#
..#≈≈≈.~≈.~~~~~~≈)≈~~....# #.#
###~≈≈~≈~~.~.~~~~~.≈~÷)#.# #.# #
#~~~≈~≈~≈~≈~~~≈~≈~≈≈~..######.#
###~~~~~~~~≈.~~≈~~~~~~≈#.........
#...~~~..~.~.....~#≈~~≈#.#######.
#.#####.##......###≈≈≈≈#.# #.
#.#####.##..#.### #≈≈≈≈#.#######.
............#.# #≈≈≈##.........


You could see a gnoll.


Message History

You completely miss the jackal with your +0 dagger.
You slash the jackal with your +1 long sword!
You kill the jackal! 😮 HP[+1]
You barely miss the jackal with your +1 long sword.
You hit the jackal with your +0 dagger.
You kill the jackal!
The jackal closely misses you.
You slash the jackal with your +1 long sword!
You kill the jackal!
Things that are here:
a jackal corpse; a jackal corpse; a jackal corpse 😮 HP[+1] 😮 HP[+1]
Found a stone staircase leading down. 😎 HP[+10]
Your hp is fully restored (33).
No target in view!
No target in view!
g - 2 potions of curing {@q1} (gained 1)
i - 22 stones (gained 9) Key pressed, stopping explore.
No target in view!
No target in view!
You enter the shallow water.
Moving in this stuff is going to be slow.
A gnoll comes into view. It is wielding a +0 flail.
The gnoll shouts!
You hear a shout!
A gnoll comes into view. It is wielding a +0 spear.
A gnoll comes into view. It is wielding a +0 whip.
There are monsters nearby!
You hit the gnoll with your +0 dagger.
You slash the gnoll with your +1 long sword!
The gnoll splashes around in the water.
You hit the gnoll with your +0 dagger.
Your unstable footing causes you to fumble your attack.
The gnoll hits you with a +0 flail.
There are monsters nearby! 😕 HP[-1]
You take 1 damage, and now have 32/33 hp.
There are monsters nearby!
Your unstable footing causes you to fumble your attack.
You hit the gnoll with your +0 dagger.
You kill the gnoll!
You hear a splash.
The gnoll hits you from afar with a +0 spear. x2
Things that are here:
a +0 flail; a gnoll corpse; 😕 HP[-7]
You take 7 damage, and now have 25/33 hp.
MASSIVE DAMAGE!! (PAUSE)
The gnoll hits you with a +0 spear. The gnoll hits you with a +0 whip.
The gnoll barely misses you. 😮 HP[-6]
You take 6 damage, and now have 19/33 hp.
Unknown command.
You hit the gnoll with your +0 dagger.
You hit the gnoll with your +1 long sword.
The gnoll closely misses you. The gnoll hits you with a +0 spear.
* * * LOW HITPOINT WARNING * * *
😨 HP[-3]
You take 3 damage, and now have 16/33 hp.
You closely miss the gnoll with your +1 long sword.
You hit the gnoll but do no damage. The gnoll barely misses you.
Unknown command.
You barely miss the gnoll with your +1 long sword.
You closely miss the gnoll with your +0 dagger.
The gnoll barely misses you. x2
You barely miss the gnoll with your +1 long sword.
You hit the gnoll but do no damage. The gnoll barely misses you.
The gnoll hits you with a +0 whip.
* * * LOW HITPOINT WARNING * * *
😨 HP[-1]
You take 1 damage, and now have 15/33 hp.
Unknown command.
You hit the gnoll but do no damage.
You slash the gnoll with your +1 long sword!
The gnoll closely misses you. The gnoll hits you with a +0 whip.
* * * LOW HITPOINT WARNING * * *
😨 HP[-5]
You take 5 damage, and now have 10/33 hp.
You hit the gnoll with your +0 dagger.
You kill the gnoll!
The gnoll hits you with a +0 whip.
* * * LOW HITPOINT WARNING * * *
😱 HP[-3]
You take 3 damage, and now have 7/33 hp.
Unknown command.
You hit the gnoll but do no damage.
You slash the gnoll with your +1 long sword!
The gnoll barely misses you.
You hit the gnoll but do no damage.
You hit the gnoll with your +1 long sword.
The gnoll hits you with a +0 whip.
* * * LOW HITPOINT WARNING * * *
😱 HP[-5]
You take 5 damage, and now have 2/33 hp.
Unknown command.
You closely miss the gnoll with your +1 long sword.
You hit the gnoll but do no damage. The gnoll hits you with a +0 whip.
You die...

Skill      XL: |  1  2  3  4 |
---------------+-------------+-----
Long Blades    | 4 5 |  5.4
Fighting       | |  2.0
Throwing       | |  1.7
Dodging        | |  2.6

Action                     |  1- 3 |  4- 6 || total
---------------------------+-------+-------++-------
  Melee: Dagger            |    43 |    54 ||    97
         Long sword        |    47 |    57 ||   104
    Use: Scroll            |     6 |       ||     6
   Stab: Sleeping          |     1 |       ||     1
 Armour: Leather armour    |    24 |    47 ||    71
  Dodge: Dodged            |    23 |    47 ||    70

Levels and vault maps discovered:
D:1:      wander_arrival_fairy_ring, layout_loops_corners, serial_shops, shop,
          shop, nicolae_diamond_shop, hellmonk_ecumenical_altar_blasted
D:2:      layout_loops_ring, chequers_serial_rivers_large_a, minmay_hexomino_u4

Notes
Turn   | Place    | Note
-------+----------+-------------------------------------------
     0 | D:1      | kae the Coglin Gladiator began the quest for the Orb.
     0 | D:1      | Reached XP level 1. HP: 16/16 MP: 1/1
     0 | D:1      | magus.rc [v1.11.3]
   122 | D:1      | Found Mempevvi's Armour Shoppe.
   203 | D:1      | Found a faded altar of an unknown god.
   246 | D:1      | Reached XP level 2. HP: 18/22 MP: 2/2
   433 | D:1      | Found Yralull's Assorted Antiques.
   441 | D:1      | Bought a scroll labelled SUNASMOKKA for 27 gold pieces
   757 | D:1      | Found Semno's Weapon Boutique.
   823 | D:2      | Reached skill level 4 in Long Blades
   834 | D:2      | Reached XP level 3. HP: 20/27 MP: 3/3
   950 | D:2      | Reached XP level 4. HP: 29/33 MP: 4/4
  1278 | D:2      | Reached skill level 5 in Long Blades
  1593 | D:2      | HP: 7/33 [gnoll/+0 whip (3)]
  1595 | D:2      | HP: 2/33 [gnoll/+0 whip (5)]
  1596 | D:2      | Slain by a gnoll

Vanquished Creatures
  4 gnolls (D:2)
  2 adders (D:2)
  2 dart slugs
  2 ribbon worms (D:2)
  3 ball pythons
  3 endoplasms
  A giant cockroach (D:2)
  3 goblins
  4 hobgoblins
  6 jackals
  2 quokkas
  A bat (D:2)
  3 frilled lizards
  2 kobolds
  3 rats (D:2)
41 creatures vanquished.

Table legend:
 A = Non-vault XP
 B = Vault XP
 C = Vault XP percentage of total XP
 D = Non-vault monster count
 E = Vault monster count
 F = Vault count percentage of total count
                 A         B        C        D         E       F
            +---------+---------+-------+---------+---------+-------
      Total |     110 |      41 |  27.2 |      38 |       3 |   7.3
            +---------+---------+-------+---------+---------+-------
        D:1 |      27 |       0 |   0.0 |      14 |       0 |   0.0
        D:2 |      83 |      41 |  33.1 |      24 |       3 |  11.1
            +---------+---------+-------+---------+---------+-------

Skill      XL: |  1  2  3  4 |
---------------+-------------+-----
Long Blades    | 4 5 |  5.4
Fighting       | |  2.0
Throwing       | |  1.7
Dodging        | |  2.6

Action                     |  1- 3 |  4- 6 || total
---------------------------+-------+-------++-------
  Melee: Dagger            |    43 |    54 ||    97
         Long sword        |    47 |    57 ||   104
    Use: Scroll            |     6 |       ||     6
   Stab: Sleeping          |     1 |       ||     1
 Armour: Leather armour    |    24 |    47 ||    71
  Dodge: Dodged            |    23 |    47 ||    70

Illustrated notes

Table legend:
 A = Kills in this place as a percentage of kills in the entire game.
 B = Kills by you in this place as a percentage of kills by you in the entire game.
 C = Kills by friends in this place as a percentage of kills by friends in the entire game.
 D = Other kills in this place as a percentage of other kills in the entire game.
 E = Experience gained in this place as a percentage of experience gained in the entire game.
 F = Experience gained in this place divided by the number of levels of this place that you have seen.
                   A       B       C       D       E      F
               +-------+-------+-------+-------+-------+----------------------
         Total | 100.0 | 100.0 |   N/A |   N/A | 100.0 |  75.5
       Dungeon | 100.0 | 100.0 |   N/A |   N/A | 100.0 |  75.5
               +-------+-------+-------+-------+-------+----------------------

Table legend: (Time is in decaauts)
 A = Elapsed time spent in this place.
 B = Non-inter-level travel time spent in this place.
 C = Inter-level travel time spent in this place.
 D = Time resting spent in this place.
 E = Time spent auto-exploring this place.
 F = Levels seen in this place.
 G = Mean time per level.
                   A        B        C        D        E       F      G
               +--------+--------+--------+--------+--------+-----+--------+
         Total |   1604 |   1599 |      5 |     24 |   1305 |   2 |  802.0 |
       Dungeon |   1604 |   1599 |      5 |     24 |   1305 |   2 |  802.0 |
               +--------+--------+--------+--------+--------+-----+--------+

Top non-repeatable levels by time:
     D:1: 807 daAuts
     D:2: 797 daAuts
